Map: Acid Plant LE

Players

mpFastman - Winner!

  • Race: Zerg Zerg
  • Spawn Location: 5:00

mizzard

  • Race: Protoss Protoss
  • Spawn Location: 11:00

VOD

Have the link to the VOD?

Description

piza

Time

  • Played on: March 5, 2018, 2:49 p.m.
  • Length: 16:31
Show
View Real Time Build Order
Export as new Build Order

mpFastman Zerg - Winner!

Build Orders: Hatch First 

Get SALT Encoding   

  12  0:02  Drone  
  13  0:13  Overlord  
  13  0:26  Drone  
  14  0:32  Drone x2  
  16  0:37  Drone  
  17  0:56  Hatchery  
  16  1:00  Drone  
  17  1:04  Extractor, Drone  
  17  1:17  Spawning Pool  
  16  1:20  Drone  
  17  1:27  Drone  
  17  1:30  Drone  
  19  1:41  Overlord  
  19  2:04  Queen  
  21  2:08  Queen  
  24  2:22  Zergling x2  
  24  2:23  Zergling x8  
  24  2:25  Metabolic Boost  
  23  2:54  Queen  
  23  2:55  Queen  
  23  2:57  Drone  
  23  2:58  Drone x2  
  30  2:59  Drone  
  31  3:15  Overlord  
  31  3:24  Zergling x4  
  31  3:25  Zergling x6  
  23  4:05  Spawning Pool  
  23  4:06  Drone x2  
  23  4:07  Drone x2  
  26  4:45  Hatchery  
  24  4:50  Hatchery  
  23  5:08  Spawning Pool  
  23  5:10  Drone x3  
  25  5:17  Extractor  
  24  5:58  Spine Crawler, Queen  
  24  6:00  Queen  
  27  6:04  Drone  
  27  6:05  Queen  
  27  6:07  Drone  
  31  6:28  Extractor, Drone x2  
  31  6:31  Drone x2  
  34  6:33  Spine Crawler  
  34  6:35  Drone  
  34  6:47  Queen  
  34  6:48  Drone  
  34  6:50  Drone x2  
  34  6:51  Spine Crawler  
  34  6:52  Drone  
  39  6:59  Zergling x2  
  40  7:02  Drone  
  40  7:08  Spine Crawler  
  40  7:13  Drone  
  40  7:14  Drone  
  42  7:17  Spine Crawler  
  42  7:19  Spine Crawler, Drone x2  
  42  7:20  Drone  
  43  7:24  Zergling x8  
  47  7:44  Drone  
  48  7:50  Lair  
  48  7:51  Drone  
  48  7:52  Drone x2  
  51  8:03  Queen  
  53  8:08  Zergling x6  
  53  8:10  Overlord x2  
  55  8:34  Roach Warren, Drone x5  
  57  8:36  Zergling x6  
  57  8:37  Zergling x6  
  65  8:54  Zergling x4  
  58  9:02  Zergling x4  
  47  9:19  Roach x6  
  44  9:32  Roach x2  
  51  10:00  Roach x4  
  55  10:35  Zergling x6  
  58  10:50  Queen  
  58  10:52  Hatchery  
  58  10:55  Extractor  
  58  11:02  Zergling x2  
  58  11:03  Zergling x2  
  55  11:32  Drone x3  
  56  11:57  Zergling x4  
  58  12:02  Drone  
  58  12:03  Drone x2  
  58  12:04  Queen  
  58  12:06  Drone  
  62  12:20  Roach x2  
  66  12:27  Overlord x2  
  47  12:50  Roach x5  
  47  12:51  Zergling x2  
  50  13:24  Roach x2  
  54  13:34  Spawning Pool, Drone x6  
  56  14:23  Roach x5  
  66  14:24  Zergling x2  
  66  14:25  Zergling x12  
  73  14:43  Zergling x6  
  73  14:44  Zergling x2  
  75  14:53  Overlord x2  
  75  15:06  Lair  
  75  15:10  Hatchery  
  75  15:13  Extractor  
  64  15:46  Roach x3, Zergling x2  
  64  15:47  Zergling x12  
  64  15:48  Zergling x4  
  70  16:07  Zergling x2  
  70  16:08  Zergling x10  
Show
View Real Time Build Order
Export as new Build Order

mizzard Protoss 

Build Orders:  

Get SALT Encoding   

  12  0:01  Probe  
  13  0:17  Probe  
  14  0:31  Pylon  
  14  0:35  Probe (Chrono Boost)  
  16  0:50  Probe (Chrono Boost)  
  16  0:51  Forge  
  16  0:56  Probe (Chrono Boost)  
  17  1:23  Pylon  
  17  1:35  Pylon  
  17  1:44  Photon Cannon x2  
  17  2:08  Photon Cannon  
  17  2:10  Photon Cannon  
  17  2:11  Photon Cannon  
  17  2:28  Pylon  
  17  2:48  Photon Cannon  
  17  2:50  Photon Cannon  
  17  2:52  Photon Cannon  
  17  3:03  Probe (Chrono Boost)  
  17  3:05  Nexus  
  19  3:13  Probe (Chrono Boost)  
  19  3:18  Probe (Chrono Boost)  
  20  3:24  Pylon  
  20  3:29  Probe  
  21  3:35  Pylon  
  21  3:41  Probe  
  22  3:56  Photon Cannon  
  22  4:11  Photon Cannon  
  22  4:18  Photon Cannon  
  22  4:19  Photon Cannon  
  22  4:37  Probe  
  23  4:49  Probe  
  24  4:55  Pylon  
  24  5:01  Probe  
  25  5:14  Probe  
  26  5:16  Photon Cannon  
  26  5:17  Photon Cannon  
  26  5:19  Photon Cannon  
  26  5:21  Photon Cannon  
  26  5:22  Photon Cannon  
  26  5:24  Gateway  
  26  5:26  Gateway, Probe  
  27  5:38  Probe  
  28  5:49  Gateway  
  28  5:50  Gateway x2, Probe  
  29  5:59  Gateway  
  29  6:00  Gateway  
  29  6:03  Gateway  
  30  6:05  Probe (Chrono Boost)  
  30  6:07  Probe (Chrono Boost)  
  31  6:13  Zealot x2  
  35  6:40  Zealot x2  
  39  6:58  Zealot x5  
  49  7:07  Zealot  
  49  7:08  Zealot  
  52  7:25  Pylon, Zealot  
  53  7:31  Zealot x3  
  53  7:34  Zealot  
  53  7:35  Zealot  
  65  7:52  Zealot  
  65  7:58  Zealot x3  
  71  8:02  Zealot x2  
  77  8:19  Zealot  
  79  8:25  Zealot  
  80  8:35  Zealot x3  
  86  8:48  Zealot  
  86  8:56  Zealot  
  86  8:58  Zealot  
  86  9:02  Zealot  
  86  9:10  Zealot  
  86  9:14  Zealot  
  86  9:23  Zealot  
  86  9:42  Zealot  
  86  9:47  Zealot  
  86  9:55  Zealot  
  86  9:59  Zealot x2  
  86  10:12  Zealot  
  86  10:15  Zealot  
  86  10:27  Zealot  
  78  10:38  Pylon  
  78  10:40  Pylon, Assimilator  
  78  10:42  Pylon, Zealot  
  80  10:43  Pylon, Assimilator  
  80  10:59  Probe (Chrono Boost)  
  81  11:09  Probe (Chrono Boost)  
  82  11:13  Probe (Chrono Boost)  
  79  11:25  Probe  
  79  11:37  Probe  
  80  11:56  Cybernetics Core  
  80  12:13  Nexus  
  78  12:42  Zealot  
  78  12:43  Zealot x3  
  78  12:57  Photon Cannon  
  78  12:58  Photon Cannon  
  78  13:10  Zealot x3  
  78  13:59  Pylon  
  70  14:03  Pylon  
  60  14:32  Stargate  
  60  14:34  Stargate  
  50  14:39  Stargate  
  48  15:02  Assimilator  
  48  15:03  Probe (Chrono Boost)  
  49  15:07  Assimilator  
  49  15:14  Probe (Chrono Boost)  
  50  15:19  Probe (Chrono Boost)  
  51  15:25  Probe (Chrono Boost)  
  52  15:35  Probe x2 (Chrono Boost)  
  50  15:40  Probe (Chrono Boost)  
  50  15:41  Probe  
  50  15:48  Phoenix x2  
  50  15:51  Probe  
  47  16:03  Probe  
Tags
 
Matchup
PvZ
Spawn Locations
Cross Positions
Add a new tag
Caveats
  • Supply blocks, unpowered buildings, or Contaminate may cause inaccurate times.
  • Supply counts are checked every 10 seconds.